 Dungeon Crawl Stone Soup version 0.28-a0-32-g8dfe7f97f6 (webtiles) character file.

Game seed: 5459525603750519789

1967 robertstho the Magician (level 9, -1/57 HPs)
             Began as a Djinni Fire Elementalist on July 27, 2021.
             Slain by an orc warrior (13 damage)
             ... on level 6 of the Dungeon.
             The game lasted 00:13:00 (7767 turns).

robertstho the Magician (Djinni Fire Elementalist)  Turns: 7767, Time: 00:13:01

Health: -1/57      AC:  5    Str:  7    XL:     9   Next: 43%
Gold:   60         EV: 12    Int: 20    God:
                   SH:  0    Dex: 14

rFire   + + +      SeeInvis .   l - +1 quarterstaff (spect)
rCold   x . .      Faith    .   (shield currently unavailable)
rNeg    . . .      Spirit   .   j - +1 leather armour {rF+}
rPois   ∞          Reflect  .   e - +0 helmet
rElec   .          Harm     .   (no cloak)
rCorr   .          Rampage  .   (no gloves)
Will    .....                   (boots unavailable)
Stlth   ++........              (no amulet)
HPRegen 0.19/turn               (no ring)
MPRegen 0.00/turn               (no ring)

@: flying
A: sickness immunity, fire resistance 2, cold vulnerability 1, float, innate
caster, hp casting, extra vitality 1
a: no special abilities


You were on level 6 of the Dungeon.
You visited 1 branch of the dungeon, and saw 6 of its levels.

You collected 323 gold pieces.
You spent 263 gold pieces at shops.

Inventory:

Hand Weapons
 b - a +0 mace
 l - a +1 spectral quarterstaff (weapon)
 t - a +3 trident of protection
 u - a +2 long sword of holy wrath
Armour
 a - a +0 robe
 e - a +0 helmet (worn)
 j - a +1 leather armour of fire resistance (worn)
Jewellery
 x - a ring of protection from cold
Wands
 v - a wand of acid (6)
Scrolls
 h - a scroll of fear
 i - a scroll of enchant weapon
 k - 5 scrolls of enchant armour
 m - a scroll of vulnerability
 o - a scroll of blinking
 r - a scroll of magic mapping
 y - a scroll of identify
Potions
 c - a potion of attraction
 d - a potion of lignification
 f - 3 potions of curing
 g - 3 potions of resistance
 n - a potion of ambrosia {unknown}
 p - 3 potions of brilliance
 q - a potion of magic {unknown}
 s - a potion of invisibility {unknown}
 w - 2 potions of heal wounds {unknown}


   Skills:
 + Level 1.5 Fighting
 + Level 0.5(0.8) Maces & Flails
 + Level 0.9(1.1) Staves
 + Level 4.1 Armour
 + Level 3.6 Dodging
 + Level 3.0 Stealth
 + Level 7.9 Spellcasting


You couldn't memorise any spells.
You knew the following spells:

 Your Spells              Type           Power      Damage    Failure   Level
a - Foxfire               Conj/Fire      100%       2x1d9     1%          1
b - Conjure Flame         Conj/Fire      39%        6-21      1%          3
c - Inner Flame           Hex/Fire       39%        N/A       1%          3
d - Sticky Flame          Conj/Fire      39%        2d6       4%          4
e - Fireball              Conj/Fire      19%        3d9       13%         5
f - Animate Skeleton      Necr           78%        N/A       1%          1
g - Poisonous Vapours     Pois/Air       78%        N/A       1%          2
h - Call Canine Familiar  Summ           39%        N/A       1%          3
i - Petrify               Tmut/Erth      39%        N/A       4%          4
Your spell library was empty.

Dungeon Overview and Level Annotations

Branches:
Dungeon (6/15)
 Temple: D:4-7

Altars:
Nemelex Xobeh
Okawaru
Qazlal
Ru
Trog

Shops:
D:4 **!   D:6 (


Innate Abilities, Weirdness & Mutations

You are immune to sickness and miasma.
You are immune to poison.
Your flesh is very heat resistant. (rF++)
You are vulnerable to cold. (rC-)
You float through the air rather than walking.
You learn spells naturally, not from books.
Your magical power is your life essence.
You have superior vitality. (+4 HP)


Message History

The foxfire hits the orc warrior but does no damage.
The orc warrior is heavily wounded.
Casting: Foxfire (safe; 1% risk of failure)
Press: ? - help, Q - select action, (/) - cycle Dir - look around, f - activate You conjure some foxfire!
The orc warrior completely misses you.
Unknown command.
Casting: Foxfire (safe; 1% risk of failure)
Press: ? - help, Q - select action, (/) - cycle Dir - look around, f - activate You conjure some foxfire!
The foxfire hits the orc warrior but does no damage.
The orc warrior is heavily wounded.
The foxfire hits the orc warrior but does no damage.
The orc warrior is heavily wounded.
The orc warrior hits you from afar with a +0 glaive!!
Casting: Foxfire (safe; 1% risk of failure)
Press: ? - help, Q - select action, (/) - cycle Dir - look around, f - activate You conjure some foxfire!
The foxfire hits the orc warrior.
The orc warrior is heavily wounded.
The orc warrior closely misses you.
The foxfire hits the orc warrior.
The orc warrior is severely wounded.
The foxfire hits the orc warrior but does no damage.
The orc warrior is severely wounded.
The orc warrior hits you from afar with a +0 glaive!
* * * LOW HITPOINT WARNING * * *
Unknown command.
Casting: Foxfire (safe; 1% risk of failure)
Confirm with . or Enter, or press ? or * to list all spells.
The spell is quite dangerous to cast (13% risk of failure)!
Continue anyway?
Aiming: Fireball (quite dangerous; 13% risk of failure)
Press: ? - help, Shift-Dir - straight line, f - orc warrior
Aim: an orc warrior, wielding a +0 glaive and wearing a +0 chain mail (severely wounded)
The fireball explodes!
The fireball engulfs the orc warrior but does no damage.
The orc warrior is severely wounded.
* * * LOW HITPOINT WARNING * * *
The orc warrior hits you from afar with a +0 glaive!
You die...

#...#.....#.# #.#####.#.#
....'.._..#.# #.#).<....#
..#.#.....#.# #.#.#.#...#
..#.#.....#.# #.#.#.#..>#
.#..#######.# #.#...#.#.#
............# #.#####.#.#
.#.........## #.......#.#
.#################
############.# .#
#.....o.@###...## #.# .#
......#...##.....## #.# .#
..... #...#.......# #.# .#
.... #.÷.'..†.)..# #.# ..
... #...#......[# #.# #####
#...##.....## #.#
##...###...###...## #.#
##.....##.()# ######### #.#
#.......#...####....[.####.#


You could see an orc warrior.

Vanquished Creatures
  A troll (D:6)
  A hornet (D:5)
  A sky beast (D:5)
  A necrophage (D:4)
  An ogre (D:6)
  2 centaurs
  A gnoll sergeant (D:6)
  A scorpion (D:6)
  2 water moccasin skeletons
  A howler monkey (D:4)
  A centaur zombie (D:6)
  A bullfrog zombie (D:6)
  4 hounds
  3 jellies
  5 orc priests
  A centaur skeleton (D:5)
  4 iguanas
  A bullfrog skeleton (D:5)
  A killer bee zombie (D:6)
  Robin (D:3)
  4 gnolls (D:6)
  8 adders
  A howler monkey skeleton (D:6)
  A white imp (D:6)
  An ufetubus (D:5)
  A worm (D:2)
  3 dart slugs
  19 orcs
  An endoplasm (D:1)
  3 giant cockroaches
  18 goblins
  6 hobgoblins
  2 jackals (D:3)
  8 kobolds
  3 quokkas
  4 ball pythons
  6 bats
  8 frilled lizards
  8 rats
139 creatures vanquished.

Vanquished Creatures (collateral kills)
  Ijyb (D:5)
1 creature vanquished.

Vanquished Creatures (others)
  624 foxfires
624 creatures vanquished.

Grand Total: 764 creatures vanquished

Notes
Turn   | Place    | Note
-------+----------+-------------------------------------------
     0 | D:1      | robertstho the Djinni Fire Elementalist began the quest for
                  | the Orb.
     0 | D:1      | Reached XP level 1. HP: 15/15 MP: 0/0
   265 | D:1      | Reached XP level 2. HP: 14/21 MP: 0/0
   978 | D:1      | Reached skill level 3 in Spellcasting
  1119 | D:1      | Reached XP level 3. HP: 12/25 MP: 0/0
  1119 | D:1      | Learned a level 1 spell: Animate Skeleton
  2322 | D:2      | Reached XP level 4. HP: 20/31 MP: 0/0
  2711 | D:2      | Found a faded altar of an unknown god.
  2894 | D:3      | Reached XP level 5. HP: 28/35 MP: 0/0
  2894 | D:3      | Learned a level 2 spell: Poisonous Vapours
  3030 | D:3      | Noticed Robin
  3036 | D:3      | Killed Robin
  3279 | D:3      | Reached skill level 4 in Spellcasting
  3672 | D:3      | Found a sparkling altar of Nemelex Xobeh.
  3754 | D:3      | Reached skill level 1 in Armour
  3800 | D:3      | Found a stormy altar of Qazlal.
  3801 | D:3      | Found an iron altar of Okawaru.
  3873 | D:3      | Found a bloodstained altar of Trog.
  3899 | D:3      | Reached XP level 6. HP: 32/40 MP: 0/0
  4112 | D:4      | Noticed a necrophage
  4120 | D:4      | Killed a necrophage
  4132 | D:4      | Reached XP level 7. HP: 31/46 MP: 0/0
  4132 | D:4      | Learned a level 3 spell: Call Canine Familiar
  4236 | D:4      | Found Ihutich's General Store.
  4250 | D:4      | Found Pomucoll's Distillery.
  4258 | D:4      | Bought a potion of curing for 33 gold pieces
  4258 | D:4      | Bought a scroll of fear for 38 gold pieces
  4286 | D:4      | Reached skill level 5 in Spellcasting
  4330 | D:4      | Found Vanisut's General Store.
  4547 | D:5      | Entered Level 5 of the Dungeon
  4564 | D:4      | Bought a scroll of identify for 22 gold pieces
  4666 | D:5      | Noticed Ijyb
  4695 | D:4      | Bought a potion of brilliance for 40 gold pieces
  4999 | D:6      | Found Sopre's Weapon Shop.
  5168 | D:6      | Found a sacrificial altar of Ru.
  5501 | D:5      | Reached XP level 8. HP: 34/51 MP: 0/0
  5780 | D:5      | Reached skill level 6 in Spellcasting
  5808 | D:5      | Reached skill level 1 in Fighting
  6260 | D:5      | Killed Ijyb
  6375 | D:5      | Noticed a hornet
  6385 | D:5      | Killed a hornet
  6902 | D:4      | Bought a potion of curing for 30 gold pieces
  6902 | D:4      | Bought a potion of resistance for 100 gold pieces
  6954 | D:6      | Reached skill level 7 in Spellcasting
  6959 | D:6      | Reached XP level 9. HP: 55/57 MP: 0/0
  6959 | D:6      | Learned a level 4 spell: Petrify
  7213 | D:6      | Noticed a troll
  7222 | D:6      | Killed a troll
  7767 | D:6      | Slain by an orc warrior

Illustrated notes

Levels and vault maps discovered:
D:1:      amcnicky_arrival_feature_with_door, layout_loops_cross
D:2:      layout_basic, hellmonk_ecumenical_altar_run_dry, due_unseen_surprise
D:3:      layout_rooms, mainiacjoe_overflow_six_doors_small,
          mainiacjoe_overflow_divided_tiny, lemuel_round_altar,
          kennysheep_small_spiral, uniq_robin
D:4:      layout_gridville, serial_shops,
          nicolae_shop_competitors_out_of_business, shop, shop
D:5:      layout_basic, minmay_checkerbox, uniq_ijyb
D:6:      minmay_opposing_rooms, layout_basic, amcnicky_altar_gilded,
          serial_shops, nicolae_shop_temple_entry_statues_fountains

Skill      XL: |  1  2  3  4  5  6  7  8  9 |
---------------+----------------------------+-----
Spellcasting   | 3 4 5 7 |  7.9
Stealth        | 2 3 |  3.0
Armour         | 1 2 3 4 |  4.1
Fighting       | 1 |  1.5
Dodging        | 3 |  3.6
Maces & Flails | |  0.5
Staves         | |  0.9

Action                   |  1- 3 |  4- 6 |  7- 9 || total
-------------------------+-------+-------+-------++-------
Melee: Mace              |     1 |     1 |       ||     2
       Quarterstaff      |       |       |    13 ||    13
 Cast: Foxfire           |    99 |   114 |   176 ||   389
       Sticky Flame      |       |       |    11 ||    11
       Call Canine Famil |       |       |     2 ||     2
       Poisonous Vapours |       |       |     2 ||     2
       Fireball          |       |       |     2 ||     2
  Use: Scroll            |       |     4 |     7 ||    11
       Potion            |       |       |     5 ||     5
Armor: Robe              |     2 |       |       ||     2
       Leather armour    |       |     8 |    11 ||    19
Dodge: Dodged            |    21 |    10 |    40 ||    71

Table legend: (Time is in decaauts)
 A = Elapsed time spent in this place.
 B = Non-inter-level travel time spent in this place.
 C = Inter-level travel time spent in this place.
 D = Time resting spent in this place.
 E = Time spent auto-exploring this place.
 F = Levels seen in this place.
 G = Mean time per level.
                   A        B        C        D        E       F      G
               +--------+--------+--------+--------+--------+-----+--------+
         Total |   7775 |   7523 |    252 |    623 |   5998 |   6 | 1295.8 |
       Dungeon |   7775 |   7523 |    252 |    623 |   5998 |   6 | 1295.8 |
               +--------+--------+--------+--------+--------+-----+--------+

Top non-repeatable levels by time:
     D:1: 1721 daAuts
     D:5: 1575 daAuts
     D:6: 1337 daAuts
     D:2: 1163 daAuts
     D:3: 1152 daAuts
     D:4: 824 daAuts
